 Dungeon Crawl Stone Soup version 0.22-a0-619-ga0c6fd2 (webtiles) character file.

81 Hebeh the Magician (level 4, -1/24 HPs)
             Began as a Deep Elf Fire Elementalist on July 15, 2018.
             Killed by divine providence
             ... invoked by an orc priest
              (15 damage)
             ... on level 3 of the Dungeon.
             The game lasted 00:08:57 (2813 turns).

Hebeh the Magician (Deep Elf Fire Elementalist)     Turns: 2813, Time: 00:08:58

Health: -1/24      AC:  3    Str:  5    XL:     4   Next: 19%
Magic:  11/12      EV: 13    Int: 21    God:
Gold:   95         SH:  4    Dex: 15    Spells: 2/11 levels left

rFire    . . .     SeeInvis .   b - +0 hunting sling
rCold    . . .     Gourm    .   (no shield)
rNeg     . . .     Faith    .   g - +0 robe
rPois    .         Spirit   .   (no helmet)
rElec    .         Reflect  +   (no cloak)
rCorr    .         Harm     .   (no gloves)
MR       .....                  h - +0 pair of boots
Stlth    ++........             p - +4 amulet of reflection
HPRegen  0.08/turn              (no ring)
MPRegen  0.13/turn              (no ring)

@: no status effects
A: no striking features
a: no special abilities


You were on level 3 of the Dungeon.
You were not hungry.

You visited 1 branch of the dungeon, and saw 3 of its levels.

You collected 95 gold pieces.

Inventory:

Hand Weapons
 a - a +2 short sword of speed
 b - a +0 hunting sling (weapon)
 q - a cursed -1 dagger
Missiles
 n - 42 bolts
 o - 76 arrows
 v - 20 stones (quivered)
Armour
 g - a +0 robe (worn)
 h - a +0 pair of boots (worn)
Jewellery
 j - an uncursed ring of protection from cold {unknown}
 p - a +4 amulet of reflection (around neck)
Scrolls
 d - a scroll of random uselessness {unknown}
 e - 5 scrolls of identify
 f - 2 scrolls of remove curse {unknown}
 i - a scroll of enchant armour {unknown}
 k - 2 scrolls of teleportation {unknown}
Potions
 l - 2 potions of flight {unknown}
 r - a potion of resistance {unknown}
 s - a potion of degeneration {unknown}
 t - a potion of agility {unknown}
 u - a potion of haste {unknown}
 w - a potion of invisibility {unknown}
Comestibles
 c - 3 rations
 m - 3 chunks of flesh


   Skills:
 - Level 2.4 Dodging
 - Level 2.4 Stealth
 + Level 4.0 Spellcasting
 * Level 3.2 Conjurations
 + Level 4.0 Fire Magic


You had 2 spell levels left.
You knew the following spells:

 Your Spells              Type           Power        Failure   Level  Hunger
a - Flame Tongue          Conj/Fire      ###..        2%          1    None
b - Throw Flame           Conj/Fire      ###...       4%          2    #......
c - Conjure Flame         Conj/Fire      ###.....     9%          3    ###....
d - Inner Flame           Hex/Fire       ##......     16%         3    ###....

Your spell library contained the following spells:

 Spells                   Type           Power        Failure   Level  Hunger
 Fireball                 Conj/Fire      ###.......   58%         5    ######.
 Sticky Flame             Conj/Fire      ###.....     26%         4    ####...


Dungeon Overview and Level Annotations

Branches:
Dungeon (3/15)

Altars:
Kikubaaqudgha
Sif Muna


Message History

Aiming: Flame Tongue (safe; 2% risk of failure)
Press: ? - help, Shift-Dir - straight line, f - giant cockroach
Aim: a giant cockroach (hasn't noticed you)
The flame tongue hits the giant cockroach.
You kill the giant cockroach!
Found a robe.
An orc priest comes into view. It is wielding a morningstar.
You see here a giant cockroach corpse.
You butcher the giant cockroach corpse.
The orc priest shouts!
The orc priest mumbles some strange prayers to Beogh against you.
Beogh smites you!
You hear a shout! x3
You see here 2 chunks of flesh.
m - 3 chunks of flesh (gained 2)
An orc comes into view. It is wielding a falchion.
The orc priest invokes the aid of Beogh against you.
Beogh smites you!
Ouch! That really hurt!
You die...

#......+...+...........
...........#..##.##.###
##.####....#..# .# #
##+.##..# .#
≈≈l≈s≈#.....# .# ≈≈ww≈
#...#.# .#
##≈≈##+...#.##.. ##
#...........
[.....#.@.#.####
.#..........#
#.#........# ..
#........# . #........#
#........# ..o#####.#
##.o .#


You could see an orc priest and an orc.

Vanquished Creatures
  2 adders
  2 oozes
  2 worms (D:2)
  A dart slug (D:2)
  A leopard gecko (D:1)
  11 bats
  A giant cockroach (D:3)
  6 goblins
  2 hobgoblins
  7 kobolds
  3 ball pythons
  4 frilled lizards
  2 rats
44 creatures vanquished.

Notes
Turn   | Place    | Note
-------+----------+-------------------------------------------
     0 | D:1      | Hebeh the Deep Elf Fire Elementalist began the quest for the Orb.
     0 | D:1      | Reached XP level 1. HP: 10/10 MP: 6/6
   152 | D:1      | Reached XP level 2. HP: 15/15 MP: 5/8
   897 | D:1      | Reached XP level 3. HP: 19/19 MP: 8/10
  1184 | D:2      | Learned a level 2 spell: Throw Flame
  1188 | D:2      | Learned a level 3 spell: Conjure Flame
  1192 | D:2      | Learned a level 3 spell: Inner Flame
  1758 | D:2      | Found an ancient bone altar of Kikubaaqudgha.
  2512 | D:2      | Found a deep blue altar of Sif Muna.
  2658 | D:3      | Reached XP level 4. HP: 24/24 MP: 0/11
  2813 | D:3      | Killed from afar by an orc priest

Vault maps used:
D:1:      matt_arrival_grand_opening, minmay_pentomino_v2
D:2:      kiku_gazebo_pond_becter, led_sif_pool
D:3:      nemelex_xobeh_ov_fountains_minmay, first_ration, gup_sewer_entry_bowl,
          goddamned_bats, uniq_jessica

Skill      XL: |  1  2  3  4 |
---------------+-------------+-----
Conjurations   | 2 3 |  3.2
Spellcasting   | 4 |  4.0
Fire Magic     | 4 |  4.0
Dodging        | |  2.4
Stealth        | |  2.4

Action                   |  1- 3 |  4- 6 || total
-------------------------+-------+-------++-------
Melee: Short sword       |     2 |       ||     2
 Fire: Hunting sling     |    21 |       ||    21
 Cast: Flame Tongue      |    55 |     2 ||    57
       Throw Flame       |    17 |       ||    17
  Use: Scroll            |     1 |       ||     1
  Eat: Chunk             |     5 |     1 ||     6
Armor: Robe              |     6 |       ||     6
Dodge: Dodged            |    16 |       ||    16
Block: Other             |     2 |       ||     2

Table legend:
 A = Spawn XP
 B = Non-spawn XP
 C = Spawn XP percentage of total XP
 D = Spawn monster count
 E = Non-spawn monster count
 F = Spawn count percentage of total count
 G = Total turns spent on level
                    A         B        C        D         E        F      G
               +---------+---------+-------+---------+---------+-------+---------
         Total |       0 |     116 |   0.0 |       0 |      44 |   0.0 |  2813
               +---------+---------+-------+---------+---------+-------+---------
           D:1 |       0 |      46 |   0.0 |       0 |      24 |   0.0 |  1149
           D:2 |       0 |      44 |   0.0 |       0 |      15 |   0.0 |  1457
           D:3 |       0 |      26 |   0.0 |       0 |       5 |   0.0 |   207
               +---------+---------+-------+---------+---------+-------+---------
